AoeStats
← THL

Arabia

510018067Analyzed
1v1 RM · 4d ago on Sep 29, 2026· 27m 49s· 2 players
Game mode
Random Map
Map size
Tiny (2 player)
Population
200
Speed
Normal
Resources
Standard
Victory
Conquest
Starting age
Dark Age
Ending age
Imperial Age
RankedLock teamsTeams togetherTeam positionsShared explorationLock speedFull tech treeHidden civsTurbo modeCheats
Victory
Defeat
🇨🇦 Romans · Canada
1675
+22
🇻🇳 Tatars · Vietnam
1806
-22
_The_Lion
6:22 Loom
8:53 Feudal Age
9:05 Man-at-Arms
10:29 Scale Mail Armor
12:21 Forging
14:42 Fletching
16:24 Padded Archer Armor
21:21 Castle Age
21:09 Scale Barding Armor
21:15 Bloodlines
22:43 Chain Barding Armor
THL
6:38 Loom
8:52 Feudal Age
9:33 Double-Bit Axe
12:29 Horse Collar
13:52 Fletching
15:34 Padded Archer Armor
25:08 Castle Age
24:06 Bloodlines
25:11 Crossbowman
25:51 Gold Mining
Connection lost

Rejoining the realm…

Still unreachable

The connection could not be restored.

Session expired

The server has moved on; the page needs a fresh start.